[ AOE2 MATCH · #505252049 ]
UnrankedEthiopians vs Dravidians
[ REPLAY ANALYSIS · EXTRACTED FROM THE RECORDED GAME ]
Feudal
11:36
Castle
15:17
Imperial
33:09
| APM avg | 25.5 |
| APM peak | 51 |
| eAPM avg | 16.5 |
| Villagers / military | 110 / 593 |
Focus
⚔️ 55.0% · 🌾 45.0%
Spearman ×301 · Archer ×169 · Skirmisher ×92 · Mangonel ×16 · Bombard Cannon ×10 · Monk ×3
Feudal
11:43
Castle
14:23
Imperial
29:20
| APM avg | 35.7 |
| APM peak | 80 |
| eAPM avg | 19.6 |
| Villagers / military | 203 / 491 |
Focus
⚔️ 30.3% · 🌾 69.7%
Battle Elephant ×179 · Scout Cavalry ×150 · Ballista Elephant ×146 · Unknown (1260) ×35 · Trade Cart ×27 · Mangonel ×8
Feudal
11:14
Castle
15:01
Imperial
29:48
| APM avg | 25.3 |
| APM peak | 60 |
| eAPM avg | 16.1 |
| Villagers / military | 186 / 423 |
Focus
⚔️ 31.8% · 🌾 68.2%
Elephant Archer ×398 · Trade Cart ×31 · Trebuchet (Packed) ×14 · Monk ×7 · Urumi Swordsman ×3 · Mangonel ×1
Feudal
10:56
Castle
14:28
Imperial
29:25
| APM avg | 111.4 |
| APM peak | 223 |
| eAPM avg | 72.9 |
| Villagers / military | 246 / 600 |
Focus
⚔️ 75.4% · 🌾 24.6%
Scout Cavalry ×411 · Camel Archer ×157 · Trade Cart ×30 · Mangonel ×19 · Trebuchet (Packed) ×10 · Petard ×2
Feudal
8:42
Castle
21:38
Imperial
33:02
| APM avg | 29.3 |
| APM peak | 89 |
| eAPM avg | 15.8 |
| Villagers / military | 154 / 670 |
Focus
⚔️ 32.5% · 🌾 67.5%
Scout Cavalry ×355 · Steppe Lancer ×191 · Spearman ×74 · Trade Cart ×47 · Knight ×29 · Camel Scout ×10
Feudal
8:50
Castle
20:51
Imperial
36:50
| APM avg | 40.7 |
| APM peak | 79 |
| eAPM avg | 26.2 |
| Villagers / military | 238 / 599 |
Focus
⚔️ 37.2% · 🌾 62.8%
Scout Cavalry ×394 · Knight ×127 · Trade Cart ×56 · Camel Scout ×33 · Steppe Lancer ×31 · Battering Ram ×8
Feudal
10:17
Castle
14:17
Imperial
29:57
| APM avg | 49.0 |
| APM peak | 112 |
| eAPM avg | 29.4 |
| Villagers / military | 189 / 951 |
Focus
⚔️ 45.7% · 🌾 54.3%
Spearman ×509 · Skirmisher ×249 · Camel Scout ×158 · Unknown (1260) ×16 · Battering Ram ×15 · Bombard Cannon ×11
Feudal
11:57
Castle
16:06
Imperial
29:03
| APM avg | 23.4 |
| APM peak | 56 |
| eAPM avg | 16.2 |
| Villagers / military | 231 / 682 |
Focus
⚔️ 37.2% · 🌾 62.8%
Spearman ×638 · Scorpion ×12 · Mangonel ×11 · Scout Cavalry ×10 · Cataphract ×8 · Trebuchet (Packed) ×3
Match map
Initial resources + every placement click. Lines = walls · curves = elevation contours. ◆ gold · ⬟ stone · ● berries · ✦ relic · ◌ wall gap
Your base· ✓ Closed at 15:17 · 0t walls · 2 gate(s)
Regal's base· ✓ Closed at 14:23 · 0t walls · 3 gate(s)
EpicPlayer's base· ✓ Closed at 15:01 · 0t walls · 3 gate(s)
VIT | Hera's base· ✓ Closed at 14:28 · 0t walls · 3 gate(s)
极地沙尘暴's base· ✓ Closed at 21:38 · 0t walls · 2 gate(s)
Chasers's base· ✓ Closed at 20:51 · 0t walls · 2 gate(s)
剃刀割猪头's base· ✓ Closed at 14:17 · 0t walls · 3 gate(s)
FAILEDFEMBOY's base· ✓ Closed at 16:06 · 24t walls · 2 gate(s)
Smoothed initial terrain · ◌ = detected wall gap · hover for details
Inputs per minute
— Non faux pa - - Regal
Build order — Non faux pa
First 150 of 616 actions detected
| 0:01 | Create | Villager (Male) |
| 0:01 | Create | Villager (Male) |
| 0:02 | Create | Villager (Male) |
| 0:02 | Create | Villager (Male) |
| 0:02 | Create | Villager (Male) |
| 0:04 | Build | House |
| 0:06 | Build | House |
| 1:38 | Create | Villager (Male) |
| 1:38 | Create | Villager (Male) |
| 1:58 | Create | Villager (Male) |
| 2:13 | Build | Lumber Camp |
| 2:27 | Create | Villager (Male) |
| 2:27 | Create | Villager (Male) |
| 2:47 | Create | Villager (Male) |
| 3:12 | Create | Villager (Male) |
| 3:46 | Create | Villager (Male) |
| 3:55 | Build | House |
| 4:03 | Create | Villager (Male) |
| 4:39 | Create | Villager (Male) |
| 4:56 | Create | Villager (Male) |
| 5:12 | Build | Mill |
| 5:25 | Create | Villager (Male) |
| 5:53 | Build | House |
| 6:01 | Create | Villager (Male) |
| 6:31 | Create | Villager (Male) |
| 6:53 | Create | Villager (Male) |
| 7:01 | Create | Villager (Male) |
| 7:27 | Build | Lumber Camp |
| 7:32 | Build | House |
| 7:45 | Create | Villager (Male) |
| 8:07 | Create | Villager (Male) |
| 8:25 | Create | Villager (Male) |
| 8:30 | Create | Villager (Male) |
| 8:50 | Research | Feudal Age |
| 9:06 | Build | Mining Camp |
| 10:28 | Build | Barracks |
| 11:36 | Age | Feudal Age |
| 11:38 | Build | Archery Range |
| 11:43 | Build | Blacksmith |
| 11:47 | Create | Villager (Male) |
| 11:47 | Create | Villager (Male) |
| 12:10 | Build | Farm |
| 12:11 | Build | Farm |
| 12:31 | Research | Castle Age |
| 12:44 | Research | Horse Collar |
| 13:01 | Build | House |
| 13:02 | Build | House |
| 13:26 | Build | Farm |
| 13:27 | Build | Farm |
| 13:29 | Build | Farm |
| 13:34 | Build | Farm |
| 13:35 | Research | Double-Bit Axe |
| 13:50 | Build | Farm |
| 13:52 | Build | Farm |
| 13:52 | Build | Farm |
| 13:58 | Build | Mining Camp |
| 14:05 | Research | Gold Mining |
| 14:26 | Create | Archer |
| 14:26 | Create | Archer |
| 14:29 | Research | Fletching |
| 14:44 | Create | Villager (Male) |
| 14:44 | Create | Villager (Male) |
| 14:54 | Create | Villager (Male) |
| 14:59 | Create | Archer |
| 14:59 | Create | Archer |
| 15:17 | Age | Castle Age |
| 15:31 | Build | Siege Workshop |
| 15:39 | Create | Villager (Male) |
| 15:42 | Research | Crossbowman (upgrade) |
| 16:02 | Create | Villager (Male) |
| 16:19 | Create | Mangonel |
| 16:24 | Create | Villager (Male) |
| 16:48 | Build | House |
| 16:50 | Build | House |
| 17:02 | Build | Monastery |
| 17:07 | Create | Villager (Male) |
| 17:24 | Create | Villager (Male) |
| 17:46 | Build | Town Center |
| 18:00 | Create | Monk |
| 18:12 | Create | Spearman |
| 18:52 | Create | Villager (Male) |
| 18:54 | Create | Villager (Male) |
| 18:55 | Create | Villager (Male) |
| 18:58 | Create | Villager (Male) |
| 18:58 | Create | Villager (Male) |
| 19:31 | Create | Villager (Male) |
| 19:34 | Create | Archer |
| 19:34 | Create | Archer |
| 19:35 | Create | Archer |
| 19:35 | Create | Archer |
| 19:40 | Create | Villager (Male) |
| 19:40 | Create | Villager (Male) |
| 19:45 | Build | Town Center |
| 19:54 | Create | Villager (Male) |
| 19:55 | Create | Villager (Male) |
| 20:07 | Create | Villager (Male) |
| 20:08 | Create | Villager (Male) |
| 20:19 | Build | Farm |
| 20:20 | Build | Farm |
| 20:22 | Build | Farm |
| 20:26 | Create | Mangonel |
| 20:42 | Create | Monk |
| 20:47 | Create | Villager (Male) |
| 20:47 | Create | Villager (Male) |
| 20:47 | Create | Villager (Male) |
| 20:52 | Build | Farm |
| 20:54 | Build | Farm |
| 20:55 | Build | Farm |
| 20:56 | Build | Farm |
| 20:59 | Create | Villager (Male) |
| 21:24 | Create | Mangonel |
| 21:27 | Create | Villager (Male) |
| 21:32 | Build | House |
| 21:34 | Build | House |
| 21:59 | Create | Villager (Male) |
| 22:11 | Create | Villager (Male) |
| 22:16 | Build | Lumber Camp |
| 22:20 | Build | House |
| 22:21 | Build | House |
| 22:22 | Build | House |
| 22:23 | Build | House |
| 22:34 | Create | Villager (Male) |
| 22:35 | Create | Villager (Male) |
| 22:35 | Create | Villager (Male) |
| 22:35 | Create | Villager (Male) |
| 22:40 | Create | Archer |
| 22:40 | Create | Archer |
| 22:41 | Create | Archer |
| 22:41 | Create | Archer |
| 22:41 | Create | Archer |
| 22:41 | Create | Archer |
| 22:58 | Create | Villager (Male) |
| 23:11 | Create | Villager (Male) |
| 23:11 | Create | Villager (Male) |
| 23:14 | Create | Archer |
| 23:14 | Create | Archer |
| 23:27 | Create | Villager (Male) |
| 23:27 | Create | Villager (Male) |
| 24:04 | Create | Villager (Male) |
| 24:04 | Create | Villager (Male) |
| 24:06 | Build | House |
| 24:07 | Build | House |
| 24:23 | Create | Villager (Male) |
| 24:23 | Create | Villager (Male) |
| 24:23 | Create | Villager (Male) |
| 24:35 | Build | Farm |
| 24:36 | Build | Farm |
| 24:36 | Build | Farm |
| 24:37 | Build | Farm |
| 24:37 | Build | Farm |
Build order — Regal
First 150 of 534 actions detected
| 0:00 | Create | Villager (Male) |
| 0:01 | Create | Villager (Male) |
| 0:01 | Create | Villager (Male) |
| 0:02 | Build | House |
| 0:03 | Build | House |
| 0:07 | Create | Villager (Male) |
| 0:07 | Create | Villager (Male) |
| 1:27 | Create | Villager (Male) |
| 1:27 | Create | Villager (Male) |
| 1:47 | Build | Lumber Camp |
| 1:49 | Create | Villager (Male) |
| 1:50 | Create | Villager (Male) |
| 2:25 | Create | Villager (Male) |
| 2:25 | Create | Villager (Male) |
| 2:26 | Create | Villager (Male) |
| 2:53 | Create | Villager (Male) |
| 2:54 | Create | Villager (Male) |
| 3:14 | Create | Villager (Male) |
| 3:14 | Create | Villager (Male) |
| 3:42 | Create | Villager (Male) |
| 3:42 | Create | Villager (Male) |
| 3:50 | Build | House |
| 3:58 | Create | Villager (Male) |
| 3:59 | Create | Villager (Male) |
| 3:59 | Create | Villager (Male) |
| 4:26 | Create | Villager (Male) |
| 4:26 | Create | Villager (Male) |
| 4:39 | Build | Mill |
| 5:23 | Create | Villager (Male) |
| 5:23 | Create | Villager (Male) |
| 5:23 | Create | Villager (Male) |
| 5:52 | Create | Villager (Male) |
| 6:04 | Create | Villager (Male) |
| 6:15 | Build | House |
| 6:16 | Build | House |
| 6:19 | Create | Villager (Male) |
| 6:19 | Create | Villager (Male) |
| 7:38 | Create | Villager (Male) |
| 7:56 | Build | Mining Camp |
| 8:17 | Create | Villager (Male) |
| 8:36 | Build | Farm |
| 8:39 | Build | Farm |
| 8:44 | Build | Farm |
| 8:54 | Create | Villager (Male) |
| 8:55 | Create | Villager (Male) |
| 9:10 | Build | Farm |
| 9:11 | Build | Farm |
| 9:25 | Research | Feudal Age |
| 9:35 | Build | Farm |
| 11:19 | Build | Mining Camp |
| 11:23 | Build | Mining Camp |
| 11:43 | Age | Feudal Age |
| 11:43 | Research | Castle Age |
| 11:44 | Research | Castle Age |
| 12:04 | Research | Double-Bit Axe |
| 12:05 | Research | Horse Collar |
| 13:31 | Create | Villager (Male) |
| 13:34 | Create | Villager (Male) |
| 14:23 | Age | Castle Age |
| 14:26 | Build | Town Center |
| 14:31 | Build | Town Center |
| 15:00 | Build | Town Center |
| 15:12 | Create | Villager (Male) |
| 15:12 | Create | Villager (Male) |
| 15:18 | Build | House |
| 15:21 | Build | House |
| 15:25 | Create | Villager (Male) |
| 15:49 | Create | Villager (Male) |
| 15:50 | Create | Villager (Male) |
| 15:50 | Create | Villager (Male) |
| 15:53 | Research | Heavy Plow |
| 15:56 | Create | Villager (Male) |
| 15:56 | Create | Villager (Male) |
| 15:58 | Create | Villager (Male) |
| 16:18 | Build | House |
| 16:19 | Build | House |
| 16:21 | Build | House |
| 16:25 | Create | Villager (Male) |
| 16:40 | Create | Villager (Male) |
| 16:41 | Create | Villager (Male) |
| 16:47 | Create | Villager (Male) |
| 16:48 | Create | Villager (Male) |
| 16:48 | Create | Villager (Male) |
| 17:02 | Research | Bow Saw |
| 17:07 | Build | Farm |
| 17:08 | Build | Farm |
| 17:08 | Build | Farm |
| 17:09 | Create | Villager (Male) |
| 17:14 | Build | Farm |
| 17:15 | Build | Farm |
| 17:17 | Create | Villager (Male) |
| 17:17 | Create | Villager (Male) |
| 17:17 | Create | Villager (Male) |
| 17:24 | Build | Farm |
| 17:35 | Build | Farm |
| 17:36 | Create | Villager (Male) |
| 17:36 | Create | Villager (Male) |
| 17:46 | Build | Farm |
| 17:50 | Build | Farm |
| 17:53 | Create | Villager (Male) |
| 17:57 | Build | House |
| 17:59 | Create | Villager (Male) |
| 17:59 | Create | Villager (Male) |
| 18:03 | Build | Farm |
| 18:04 | Create | Villager (Male) |
| 18:04 | Create | Villager (Male) |
| 18:07 | Build | Farm |
| 18:15 | Build | Farm |
| 18:16 | Create | Villager (Male) |
| 18:17 | Create | Villager (Male) |
| 18:25 | Create | Villager (Male) |
| 18:25 | Create | Villager (Male) |
| 18:31 | Create | Villager (Male) |
| 18:32 | Create | Villager (Male) |
| 18:36 | Build | Farm |
| 18:42 | Build | Farm |
| 18:43 | Create | Villager (Male) |
| 18:43 | Create | Villager (Male) |
| 18:43 | Create | Villager (Male) |
| 18:51 | Build | Farm |
| 18:58 | Build | Farm |
| 19:00 | Create | Villager (Male) |
| 19:00 | Create | Villager (Male) |
| 19:00 | Create | Villager (Male) |
| 19:04 | Build | House |
| 19:05 | Build | House |
| 19:06 | Create | Villager (Male) |
| 19:13 | Build | Mining Camp |
| 19:24 | Create | Villager (Male) |
| 19:24 | Create | Villager (Male) |
| 19:24 | Create | Villager (Male) |
| 19:29 | Create | Villager (Male) |
| 19:29 | Create | Villager (Male) |
| 19:36 | Build | Farm |
| 19:37 | Build | Farm |
| 19:42 | Build | Farm |
| 19:44 | Create | Villager (Male) |
| 19:44 | Create | Villager (Male) |
| 19:44 | Create | Villager (Male) |
| 19:56 | Build | House |
| 19:57 | Create | Villager (Male) |
| 19:57 | Create | Villager (Male) |
| 20:04 | Create | Villager (Male) |
| 20:04 | Create | Villager (Male) |
| 20:12 | Create | Villager (Male) |
| 20:12 | Create | Villager (Male) |
| 20:15 | Build | Farm |
| 20:15 | Build | Farm |
| 20:19 | Build | Farm |
| 20:21 | Build | Farm |
Build order — EpicPlayer
First 150 of 444 actions detected
| 0:02 | Create | Villager (Male) ×4 |
| 0:03 | Build | House |
| 0:05 | Build | House |
| 1:31 | Create | Villager (Male) |
| 1:56 | Build | Lumber Camp |
| 2:09 | Create | Villager (Male) |
| 2:10 | Create | Villager (Male) |
| 2:32 | Create | Villager (Male) |
| 2:33 | Create | Villager (Male) |
| 3:03 | Build | House |
| 3:12 | Create | Villager (Male) |
| 3:12 | Create | Villager (Male) |
| 3:12 | Create | Villager (Male) |
| 3:24 | Create | Villager (Male) |
| 3:24 | Create | Villager (Male) |
| 4:08 | Create | Villager (Male) |
| 4:08 | Create | Villager (Male) |
| 4:14 | Build | Mill |
| 4:24 | Create | Villager (Male) |
| 4:24 | Create | Villager (Male) |
| 6:09 | Create | Villager (Male) |
| 6:09 | Create | Villager (Male) |
| 6:09 | Create | Villager (Male) |
| 6:09 | Create | Villager (Male) |
| 6:28 | Build | House |
| 7:16 | Create | Villager (Male) |
| 7:16 | Create | Villager (Male) |
| 7:42 | Create | Villager (Male) |
| 8:46 | Build | Mining Camp |
| 8:50 | Research | Feudal Age |
| 9:54 | Create | Villager (Male) |
| 9:54 | Create | Villager (Male) |
| 11:14 | Age | Feudal Age |
| 11:16 | Build | Blacksmith |
| 11:27 | Build | Market |
| 11:51 | Build | Farm |
| 11:54 | Build | Farm |
| 11:57 | Build | Farm |
| 12:21 | Research | Castle Age |
| 12:27 | Research | Double-Bit Axe |
| 12:31 | Research | Horse Collar |
| 13:41 | Create | Villager (Male) |
| 13:41 | Create | Villager (Male) |
| 14:59 | Build | House |
| 15:01 | Age | Castle Age |
| 15:04 | Build | Town Center |
| 15:10 | Build | Town Center |
| 15:25 | Build | House |
| 15:28 | Build | House |
| 15:29 | Build | House |
| 15:30 | Build | House |
| 15:32 | Build | House |
| 16:05 | Create | Villager (Male) |
| 16:11 | Research | Bow Saw |
| 16:15 | Research | Heavy Plow |
| 16:22 | Build | Farm |
| 16:42 | Build | Farm |
| 16:42 | Build | Farm |
| 16:42 | Build | Farm |
| 16:44 | Create | Villager (Male) |
| 16:44 | Create | Villager (Male) |
| 16:45 | Create | Villager (Male) |
| 16:51 | Create | Villager (Male) |
| 16:51 | Create | Villager (Male) |
| 16:55 | Build | Farm |
| 16:55 | Build | Farm |
| 16:55 | Build | Farm |
| 17:24 | Create | Villager (Male) |
| 17:24 | Create | Villager (Male) |
| 17:30 | Create | Villager (Male) |
| 17:30 | Create | Villager (Male) |
| 17:30 | Create | Villager (Male) |
| 17:37 | Build | Farm |
| 17:37 | Build | Farm |
| 17:48 | Create | Villager (Male) |
| 17:48 | Create | Villager (Male) |
| 18:04 | Create | Villager (Male) |
| 18:04 | Create | Villager (Male) |
| 18:39 | Create | Villager (Male) |
| 18:39 | Create | Villager (Male) |
| 18:39 | Create | Villager (Male) |
| 18:40 | Create | Villager (Male) |
| 18:41 | Create | Villager (Male) |
| 18:41 | Create | Villager (Male) |
| 18:49 | Build | Farm |
| 18:49 | Build | Farm |
| 18:52 | Build | Farm |
| 18:53 | Build | Farm |
| 18:57 | Build | Farm |
| 19:01 | Build | Farm |
| 19:02 | Create | Villager (Male) |
| 19:02 | Create | Villager (Male) |
| 19:03 | Create | Villager (Male) |
| 19:10 | Build | House |
| 19:11 | Build | House |
| 19:13 | Build | House |
| 19:16 | Build | House |
| 19:17 | Build | House |
| 19:19 | Build | House |
| 19:20 | Build | House |
| 19:29 | Build | House |
| 19:31 | Create | Villager (Male) |
| 19:31 | Create | Villager (Male) |
| 19:31 | Create | Villager (Male) |
| 19:32 | Create | Villager (Male) |
| 19:39 | Build | Mining Camp |
| 19:44 | Create | Villager (Male) |
| 19:44 | Create | Villager (Male) |
| 19:44 | Create | Villager (Male) |
| 19:57 | Create | Villager (Male) |
| 19:58 | Create | Villager (Male) |
| 20:10 | Create | Villager (Male) |
| 20:10 | Create | Villager (Male) |
| 20:13 | Create | Villager (Male) |
| 20:26 | Build | Farm |
| 20:27 | Build | Farm |
| 20:27 | Build | Farm |
| 20:27 | Build | Farm |
| 20:28 | Build | Farm |
| 20:32 | Create | Villager (Male) |
| 20:32 | Create | Villager (Male) |
| 20:42 | Build | Farm |
| 20:42 | Build | Farm |
| 20:42 | Build | Farm |
| 20:47 | Create | Villager (Male) |
| 20:47 | Create | Villager (Male) |
| 20:47 | Create | Villager (Male) |
| 20:59 | Create | Villager (Male) |
| 20:59 | Create | Villager (Male) |
| 20:59 | Create | Villager (Male) |
| 21:07 | Build | Farm |
| 21:07 | Build | Farm |
| 21:07 | Build | Farm |
| 21:26 | Research | Wheelbarrow |
| 21:27 | Create | Villager (Male) |
| 21:27 | Create | Villager (Male) |
| 21:28 | Create | Villager (Male) |
| 21:56 | Build | Town Center |
| 21:59 | Create | Villager (Male) |
| 21:59 | Create | Villager (Male) |
| 22:00 | Create | Villager (Male) |
| 22:00 | Create | Villager (Male) |
| 22:00 | Create | Villager (Male) |
| 22:00 | Create | Villager (Male) |
| 22:28 | Create | Villager (Male) ×5 |
| 22:28 | Create | Villager (Male) ×5 |
| 22:32 | Create | Villager (Male) |
| 22:45 | Build | Stone Wall |
| 22:58 | Build | Barracks |
| 23:56 | Build | Stone Wall |
Build order — VIT | Hera
First 150 of 685 actions detected
| 0:01 | Create | Villager (Male) |
| 0:02 | Create | Villager (Male) |
| 0:02 | Build | House |
| 0:03 | Build | House |
| 0:21 | Create | Villager (Male) |
| 0:21 | Create | Villager (Male) |
| 0:21 | Create | Villager (Male) |
| 1:37 | Create | Villager (Male) |
| 1:37 | Create | Villager (Male) |
| 1:50 | Create | Villager (Male) |
| 1:50 | Create | Villager (Male) |
| 2:15 | Build | Lumber Camp |
| 2:19 | Create | Villager (Male) |
| 2:20 | Create | Villager (Male) |
| 2:20 | Create | Villager (Male) |
| 2:50 | Create | Villager (Male) |
| 2:50 | Create | Villager (Male) |
| 3:31 | Create | Villager (Male) |
| 3:31 | Create | Villager (Male) |
| 3:47 | Create | Villager (Male) |
| 3:54 | Build | House |
| 3:57 | Build | House |
| 4:11 | Create | Villager (Male) |
| 4:12 | Create | Villager (Male) |
| 4:52 | Create | Villager (Male) |
| 4:52 | Create | Villager (Male) ×4 |
| 4:52 | Create | Villager (Male) ×3 |
| 5:32 | Create | Villager (Male) |
| 5:35 | Create | Villager (Male) |
| 5:36 | Create | Villager (Male) |
| 6:00 | Create | Villager (Male) |
| 6:03 | Create | Villager (Male) |
| 6:04 | Create | Villager (Male) |
| 6:29 | Build | Mill |
| 6:33 | Create | Villager (Male) |
| 6:33 | Create | Villager (Male) |
| 7:58 | Build | House |
| 8:25 | Build | Farm |
| 8:34 | Build | Mining Camp |
| 8:40 | Research | Feudal Age |
| 8:40 | Research | Feudal Age |
| 10:36 | Create | Villager (Male) |
| 10:56 | Age | Feudal Age |
| 10:57 | Build | Market |
| 10:59 | Build | Blacksmith |
| 11:02 | Research | Double-Bit Axe |
| 11:02 | Research | Double-Bit Axe |
| 11:23 | Create | Villager (Male) |
| 11:35 | Build | Farm |
| 11:45 | Research | Castle Age |
| 11:47 | Research | Horse Collar |
| 11:55 | Build | Farm |
| 12:55 | Build | House |
| 14:28 | Age | Castle Age |
| 14:29 | Create | Villager (Male) |
| 14:32 | Build | University |
| 14:35 | Build | Town Center |
| 14:37 | Research | Bow Saw |
| 14:37 | Research | Heavy Plow |
| 14:37 | Research | Heavy Plow |
| 14:42 | Build | Farm |
| 14:43 | Build | Farm |
| 14:47 | Create | Villager (Male) |
| 14:55 | Build | Farm |
| 15:17 | Build | Town Center |
| 15:21 | Build | Town Center |
| 15:23 | Create | Villager (Male) |
| 15:25 | Build | Farm |
| 15:43 | Create | Villager (Male) |
| 15:53 | Build | Farm |
| 16:00 | Create | Villager (Male) |
| 16:05 | Build | Farm |
| 16:06 | Create | Villager (Male) |
| 16:09 | Build | Farm |
| 16:10 | Create | Villager (Male) |
| 16:10 | Create | Villager (Male) |
| 16:21 | Build | Farm |
| 16:29 | Build | Farm |
| 16:29 | Create | Villager (Male) |
| 16:29 | Create | Villager (Male) |
| 16:40 | Create | Villager (Male) |
| 16:40 | Create | Villager (Male) |
| 16:43 | Build | Farm |
| 16:49 | Build | Farm |
| 17:00 | Create | Villager (Male) |
| 17:00 | Create | Villager (Male) |
| 17:07 | Build | Farm |
| 17:09 | Build | Farm |
| 17:11 | Build | Farm |
| 17:12 | Create | Villager (Male) |
| 17:23 | Build | Farm |
| 17:24 | Build | Farm |
| 17:25 | Create | Villager (Male) |
| 17:25 | Create | Villager (Male) |
| 17:27 | Build | Farm |
| 17:33 | Create | Villager (Male) |
| 17:33 | Create | Villager (Male) |
| 17:34 | Build | Farm |
| 17:43 | Create | Villager (Male) |
| 17:55 | Create | Villager (Male) |
| 17:55 | Create | Villager (Male) |
| 17:55 | Create | Villager (Male) |
| 17:56 | Build | Farm |
| 18:00 | Build | Farm |
| 18:02 | Build | Farm |
| 18:03 | Create | Villager (Male) |
| 18:03 | Create | Villager (Male) |
| 18:11 | Create | Villager (Male) |
| 18:11 | Create | Villager (Male) |
| 18:13 | Create | Villager (Male) |
| 18:24 | Build | House |
| 18:25 | Build | House |
| 18:25 | Build | House |
| 18:25 | Build | House |
| 18:35 | Create | Villager (Male) |
| 18:41 | Research | Fortified Wall (upgrade) |
| 18:41 | Research | Fortified Wall (upgrade) |
| 18:57 | Create | Villager (Male) |
| 18:57 | Create | Villager (Male) |
| 18:57 | Create | Villager (Male) ×2 |
| 18:57 | Create | Villager (Male) ×2 |
| 18:58 | Create | Villager (Male) |
| 19:01 | Build | House |
| 19:06 | Build | Farm |
| 19:07 | Build | Farm |
| 19:08 | Build | Farm |
| 19:17 | Build | Siege Workshop |
| 19:18 | Create | Villager (Male) |
| 19:18 | Create | Villager (Male) |
| 19:18 | Create | Villager (Male) |
| 19:26 | Build | Farm |
| 19:29 | Build | House |
| 19:30 | Build | House |
| 19:32 | Create | Villager (Male) |
| 19:32 | Create | Villager (Male) |
| 19:33 | Create | Villager (Male) |
| 19:39 | Build | Farm |
| 19:45 | Create | Villager (Male) |
| 19:51 | Build | Farm |
| 20:06 | Create | Villager (Male) |
| 20:06 | Create | Villager (Male) |
| 20:07 | Create | Villager (Male) |
| 20:07 | Create | Villager (Male) |
| 20:07 | Create | Villager (Male) |
| 20:13 | Create | Mangonel |
| 20:13 | Create | Mangonel |
| 20:15 | Create | Villager (Male) |
| 20:15 | Create | Villager (Male) |
| 20:19 | Create | Villager (Male) |
| 20:20 | Create | Villager (Male) |
Build order — 极地沙尘暴
First 150 of 528 actions detected
| 0:02 | Create | Villager (Male) |
| 0:02 | Create | Villager (Male) |
| 0:02 | Create | Villager (Male) |
| 0:02 | Create | Villager (Male) |
| 0:05 | Build | House |
| 0:08 | Build | House |
| 1:41 | Create | Villager (Male) |
| 1:42 | Create | Villager (Male) |
| 1:48 | Build | Lumber Camp |
| 2:31 | Create | Villager (Male) |
| 2:31 | Create | Villager (Male) |
| 2:32 | Create | Villager (Male) |
| 3:22 | Build | House |
| 3:24 | Create | Villager (Male) |
| 3:24 | Create | Villager (Male) |
| 3:41 | Build | House |
| 4:12 | Create | Villager (Male) |
| 4:12 | Create | Villager (Male) |
| 4:36 | Create | Villager (Male) |
| 4:36 | Create | Villager (Male) |
| 5:04 | Build | Mill |
| 5:33 | Create | Villager (Male) |
| 5:51 | Create | Villager (Male) |
| 6:32 | Research | Feudal Age |
| 7:58 | Create | Villager (Male) |
| 7:58 | Create | Villager (Male) |
| 8:42 | Age | Feudal Age |
| 8:47 | Build | Town Center |
| 8:55 | Research | Double-Bit Axe |
| 8:55 | Research | Double-Bit Axe |
| 8:57 | Research | Horse Collar |
| 9:21 | Create | Villager (Male) |
| 9:38 | Create | Villager (Male) |
| 10:03 | Build | House |
| 10:07 | Build | House |
| 10:07 | Build | House |
| 10:13 | Create | Villager (Male) |
| 10:14 | Create | Villager (Male) |
| 10:14 | Create | Villager (Male) |
| 10:44 | Build | Farm |
| 10:48 | Create | Villager (Male) |
| 10:48 | Create | Villager (Male) |
| 10:59 | Build | Farm |
| 11:35 | Create | Villager (Male) |
| 11:35 | Create | Villager (Male) |
| 11:35 | Create | Villager (Male) |
| 11:36 | Create | Villager (Male) |
| 11:36 | Create | Villager (Male) |
| 11:45 | Build | Farm |
| 11:50 | Build | Blacksmith |
| 11:55 | Create | Villager (Male) |
| 11:55 | Create | Villager (Male) |
| 11:55 | Create | Villager (Male) |
| 12:04 | Build | Farm |
| 12:09 | Build | Farm |
| 12:15 | Create | Villager (Male) |
| 12:15 | Create | Villager (Male) |
| 12:21 | Build | Farm |
| 12:30 | Build | House |
| 12:38 | Build | Farm |
| 12:44 | Create | Villager (Male) |
| 12:44 | Create | Villager (Male) |
| 12:44 | Create | Villager (Male) |
| 12:51 | Build | Farm |
| 12:57 | Build | Farm |
| 13:06 | Build | Farm |
| 13:08 | Create | Villager (Male) |
| 13:08 | Create | Villager (Male) |
| 13:13 | Build | House |
| 13:16 | Build | House |
| 13:29 | Build | Farm |
| 13:34 | Create | Villager (Male) |
| 13:34 | Create | Villager (Male) |
| 13:51 | Build | Farm |
| 13:58 | Build | Farm |
| 14:15 | Build | Mining Camp |
| 14:26 | Create | Villager (Male) |
| 14:27 | Create | Villager (Male) |
| 14:32 | Build | Farm |
| 14:36 | Build | Farm |
| 14:39 | Create | Villager (Male) |
| 14:39 | Create | Villager (Male) |
| 14:45 | Build | Farm |
| 15:07 | Create | Villager (Male) |
| 15:08 | Create | Villager (Male) |
| 15:13 | Build | Farm |
| 15:16 | Build | Farm |
| 15:20 | Build | Farm |
| 15:24 | Create | Villager (Male) |
| 15:24 | Create | Villager (Male) |
| 15:30 | Build | Barracks |
| 15:36 | Build | Farm |
| 15:42 | Create | Villager (Male) |
| 15:42 | Create | Villager (Male) |
| 15:42 | Create | Villager (Male) |
| 16:22 | Build | Farm |
| 16:27 | Build | Farm |
| 16:36 | Build | Farm |
| 16:47 | Build | Lumber Camp |
| 16:53 | Research | Wheelbarrow |
| 16:54 | Create | Villager (Male) |
| 16:54 | Create | Villager (Male) |
| 17:09 | Build | Lumber Camp |
| 17:14 | Build | Farm |
| 17:34 | Build | Farm |
| 17:37 | Create | Villager (Male) |
| 17:37 | Create | Villager (Male) |
| 17:51 | Build | Stable |
| 17:58 | Create | Villager (Male) |
| 17:58 | Create | Villager (Male) |
| 18:13 | Build | Market |
| 18:21 | Create | Villager (Male) |
| 18:32 | Build | House |
| 18:33 | Build | House |
| 18:47 | Research | Gold Mining |
| 18:58 | Research | Castle Age |
| 19:01 | Create | Villager (Male) |
| 19:01 | Create | Villager (Male) |
| 19:07 | Build | Stable |
| 19:16 | Build | House |
| 19:18 | Build | House |
| 19:18 | Build | House |
| 19:23 | Research | Bloodlines |
| 19:28 | Research | Scale Barding Armor |
| 19:28 | Research | Forging |
| 19:38 | Build | Stable |
| 19:39 | Build | Stable |
| 19:56 | Create | Villager (Male) |
| 19:57 | Create | Villager (Male) |
| 20:02 | Build | Farm |
| 20:20 | Build | Farm |
| 20:24 | Build | Farm |
| 20:27 | Create | Villager (Male) |
| 20:28 | Create | Villager (Male) |
| 20:40 | Build | House |
| 20:40 | Build | House |
| 20:41 | Build | House |
| 21:10 | Build | Farm |
| 21:14 | Build | Farm |
| 21:18 | Build | Farm |
| 21:24 | Build | Farm |
| 21:30 | Create | Villager (Male) |
| 21:31 | Create | Villager (Male) |
| 21:31 | Create | Villager (Male) |
| 21:32 | Create | Villager (Male) |
| 21:32 | Create | Villager (Male) |
| 21:38 | Age | Castle Age |
| 21:39 | Build | House |
| 21:41 | Build | House |
| 21:42 | Build | House |
Build order — Chasers
First 150 of 712 actions detected
| 0:00 | Create | Villager (Male) |
| 0:00 | Create | Villager (Male) |
| 0:01 | Create | Villager (Male) |
| 0:02 | Build | House |
| 0:03 | Build | House |
| 0:18 | Create | Villager (Male) |
| 0:18 | Create | Villager (Male) |
| 1:24 | Create | Villager (Male) |
| 1:24 | Create | Villager (Male) |
| 1:37 | Create | Villager (Male) |
| 1:37 | Create | Villager (Male) |
| 2:02 | Build | Lumber Camp |
| 2:11 | Create | Villager (Male) |
| 2:11 | Create | Villager (Male) |
| 2:37 | Create | Villager (Male) |
| 2:37 | Create | Villager (Male) |
| 2:58 | Create | Villager (Male) |
| 3:26 | Create | Villager (Male) |
| 3:29 | Create | Villager (Male) |
| 3:29 | Create | Villager (Male) |
| 3:49 | Build | House |
| 4:02 | Create | Villager (Male) |
| 4:03 | Create | Villager (Male) |
| 4:14 | Create | Villager (Male) |
| 4:14 | Create | Villager (Male) |
| 5:02 | Create | Villager (Male) |
| 5:02 | Create | Villager (Male) |
| 5:16 | Build | Mill |
| 5:22 | Create | Villager (Male) |
| 5:22 | Create | Villager (Male) |
| 5:28 | Create | Villager (Male) |
| 5:36 | Create | Villager (Male) |
| 6:04 | Create | Villager (Male) |
| 6:29 | Research | Feudal Age |
| 7:00 | Create | Villager (Male) |
| 7:06 | Create | Villager (Male) |
| 7:21 | Build | House |
| 8:50 | Age | Feudal Age |
| 8:56 | Build | Town Center |
| 9:00 | Research | Double-Bit Axe |
| 9:14 | Build | House |
| 9:37 | Build | House |
| 9:48 | Create | Villager (Male) |
| 9:50 | Create | Villager (Male) |
| 10:10 | Create | Villager (Male) |
| 10:11 | Create | Villager (Male) |
| 10:13 | Research | Horse Collar |
| 10:19 | Create | Villager (Male) |
| 10:19 | Create | Villager (Male) |
| 10:47 | Create | Villager (Male) |
| 10:48 | Create | Villager (Male) |
| 10:58 | Create | Villager (Male) |
| 11:06 | Build | Farm |
| 11:09 | Build | Farm |
| 11:12 | Build | Farm |
| 11:25 | Create | Villager (Male) |
| 11:26 | Create | Villager (Male) |
| 11:26 | Create | Villager (Male) |
| 11:29 | Build | House |
| 11:30 | Build | House |
| 11:53 | Research | Loom |
| 11:55 | Create | Villager (Male) |
| 11:56 | Create | Villager (Male) |
| 11:57 | Create | Villager (Male) |
| 11:59 | Create | Villager (Male) |
| 12:10 | Build | Farm |
| 12:14 | Build | Farm |
| 12:16 | Build | Farm |
| 12:21 | Build | Farm |
| 12:28 | Build | House |
| 12:35 | Create | Villager (Male) |
| 12:36 | Create | Villager (Male) |
| 12:42 | Build | Farm |
| 12:47 | Build | Farm |
| 12:50 | Build | Farm |
| 12:53 | Create | Villager (Male) |
| 12:58 | Create | Villager (Male) |
| 13:08 | Build | House |
| 13:16 | Build | Farm |
| 13:20 | Build | Farm |
| 13:26 | Build | Farm |
| 13:29 | Create | Villager (Male) |
| 13:30 | Create | Villager (Male) |
| 13:45 | Create | Villager (Male) |
| 13:45 | Create | Villager (Male) |
| 13:51 | Create | Villager (Male) |
| 13:52 | Create | Villager (Male) |
| 14:03 | Build | Barracks |
| 14:04 | Create | Villager (Male) |
| 14:05 | Create | Villager (Male) |
| 14:16 | Build | Farm |
| 14:19 | Build | Farm |
| 14:36 | Build | Farm |
| 14:46 | Build | Mining Camp |
| 14:47 | Create | Villager (Male) |
| 15:04 | Build | Stable |
| 15:07 | Create | Villager (Male) |
| 15:08 | Create | Villager (Male) |
| 15:15 | Build | Farm |
| 15:20 | Build | Farm |
| 15:28 | Create | Villager (Male) |
| 15:43 | Build | Farm |
| 15:44 | Create | Villager (Male) |
| 15:47 | Create | Villager (Male) |
| 15:55 | Build | Farm |
| 16:02 | Build | Blacksmith |
| 16:12 | Create | Villager (Male) |
| 16:12 | Create | Villager (Male) |
| 16:19 | Build | Farm |
| 16:25 | Build | Farm |
| 16:32 | Build | House |
| 16:33 | Build | House |
| 16:34 | Build | House |
| 16:36 | Create | Villager (Male) |
| 16:38 | Create | Villager (Male) |
| 16:41 | Build | Farm |
| 16:55 | Build | Farm |
| 17:04 | Create | Villager (Male) |
| 17:06 | Create | Villager (Male) |
| 17:08 | Research | Gold Mining |
| 17:16 | Build | Farm |
| 17:45 | Create | Villager (Male) |
| 17:47 | Create | Villager (Male) |
| 17:52 | Research | Castle Age |
| 17:55 | Build | House |
| 17:56 | Build | House |
| 18:13 | Create | Villager (Male) |
| 18:14 | Create | Villager (Male) |
| 18:24 | Build | Farm |
| 18:37 | Build | Stable |
| 18:43 | Build | Stable |
| 18:47 | Research | Bloodlines |
| 18:48 | Research | Forging |
| 18:49 | Research | Scale Barding Armor |
| 19:01 | Create | Villager (Male) |
| 19:01 | Create | Villager (Male) |
| 19:03 | Create | Villager (Male) |
| 19:09 | Build | House |
| 19:10 | Build | House |
| 19:17 | Research | Stone Mining |
| 19:22 | Build | Farm |
| 19:25 | Build | Farm |
| 19:39 | Build | Siege Workshop |
| 19:41 | Create | Villager (Male) |
| 19:41 | Create | Villager (Male) |
| 19:44 | Research | Wheelbarrow |
| 20:05 | Build | House |
| 20:06 | Build | House |
| 20:29 | Create | Villager (Male) |
| 20:29 | Create | Villager (Male) |
Build order — 剃刀割猪头
First 150 of 872 actions detected
| 0:01 | Create | Villager (Male) |
| 0:02 | Create | Villager (Male) |
| 0:05 | Build | House |
| 0:08 | Build | House |
| 0:42 | Create | Villager (Male) |
| 0:42 | Create | Villager (Male) |
| 1:30 | Create | Villager (Male) |
| 1:30 | Create | Villager (Male) |
| 2:00 | Create | Villager (Male) |
| 2:24 | Build | House |
| 2:35 | Build | Lumber Camp |
| 2:39 | Create | Villager (Male) |
| 2:39 | Create | Villager (Male) |
| 2:45 | Create | Villager (Male) |
| 2:45 | Create | Villager (Male) |
| 3:07 | Create | Villager (Male) |
| 3:14 | Build | House |
| 3:33 | Create | Villager (Male) |
| 3:33 | Create | Villager (Male) |
| 4:09 | Create | Villager (Male) |
| 4:47 | Create | Villager (Male) |
| 4:48 | Create | Villager (Male) |
| 4:49 | Create | Villager (Male) |
| 5:13 | Build | Mill |
| 5:44 | Create | Villager (Male) |
| 6:08 | Create | Villager (Male) |
| 6:45 | Create | Villager (Male) |
| 6:52 | Create | Villager (Male) |
| 7:24 | Build | Mining Camp |
| 7:30 | Create | Villager (Male) |
| 8:03 | Research | Feudal Age |
| 8:04 | Research | Feudal Age |
| 8:52 | Create | Villager (Male) |
| 8:52 | Create | Villager (Male) |
| 9:08 | Build | House |
| 10:17 | Age | Feudal Age |
| 10:22 | Build | Market |
| 10:27 | Build | Blacksmith |
| 10:49 | Build | Mining Camp |
| 10:57 | Build | Mining Camp |
| 11:04 | Create | Villager (Male) |
| 11:37 | Research | Castle Age |
| 12:11 | Build | House |
| 12:12 | Build | House |
| 12:46 | Research | Loom |
| 12:46 | Research | Loom |
| 12:52 | Research | Double-Bit Axe |
| 13:47 | Research | Horse Collar |
| 13:47 | Research | Horse Collar |
| 14:17 | Age | Castle Age |
| 14:22 | Create | Villager (Male) |
| 14:23 | Create | Villager (Male) |
| 15:05 | Build | Castle |
| 15:25 | Create | Villager (Male) |
| 15:38 | Create | Villager (Male) |
| 15:39 | Create | Villager (Male) |
| 15:44 | Build | Farm |
| 15:44 | Build | Farm |
| 15:44 | Build | Farm |
| 15:44 | Build | Farm |
| 15:45 | Build | Farm |
| 15:59 | Build | Farm |
| 16:00 | Create | Villager (Male) |
| 16:05 | Build | Farm |
| 16:29 | Build | Farm |
| 16:47 | Build | Farm |
| 16:47 | Build | Farm |
| 17:04 | Create | Villager (Male) |
| 17:15 | Create | Villager (Male) |
| 17:15 | Create | Villager (Male) |
| 17:21 | Build | Siege Workshop |
| 17:57 | Build | Barracks |
| 18:12 | Create | Battering Ram |
| 18:16 | Build | Mining Camp |
| 18:20 | Create | Villager (Male) |
| 18:31 | Research | Pikeman (upgrade) |
| 18:56 | Create | Spearman |
| 18:58 | Create | Villager (Male) |
| 18:58 | Create | Villager (Male) |
| 19:04 | Build | Farm |
| 19:05 | Build | Farm |
| 19:22 | Create | Spearman |
| 19:22 | Create | Spearman |
| 19:23 | Create | Villager (Male) |
| 19:33 | Build | Farm |
| 19:50 | Create | Battering Ram |
| 19:54 | Create | Petard |
| 20:02 | Build | Farm |
| 20:03 | Create | Villager (Male) |
| 20:07 | Build | Farm |
| 20:11 | Build | Farm |
| 20:12 | Create | Villager (Male) |
| 20:15 | Create | Petard |
| 20:17 | Create | Spearman |
| 20:18 | Create | Spearman |
| 20:18 | Create | Spearman |
| 20:27 | Create | Spearman |
| 20:34 | Create | Villager (Male) |
| 20:46 | Create | Villager (Male) |
| 20:51 | Build | House |
| 20:52 | Build | House |
| 20:52 | Build | House |
| 20:53 | Build | House |
| 21:11 | Create | Spearman |
| 21:22 | Create | Spearman |
| 21:23 | Create | Villager (Male) |
| 21:28 | Build | Barracks |
| 21:30 | Create | Villager (Male) |
| 21:34 | Build | Farm |
| 21:39 | Build | Farm |
| 22:12 | Create | Villager (Male) |
| 22:17 | Research | Bow Saw |
| 22:32 | Create | Battering Ram |
| 22:34 | Research | Squires |
| 22:35 | Create | Spearman |
| 22:35 | Create | Spearman |
| 22:35 | Create | Spearman |
| 23:03 | Create | Spearman |
| 23:03 | Create | Spearman |
| 23:10 | Create | Villager (Male) |
| 23:54 | Create | Villager (Male) |
| 23:54 | Create | Villager (Male) |
| 24:09 | Create | Battering Ram |
| 24:17 | Create | Villager (Male) |
| 24:21 | Build | Town Center |
| 24:22 | Create | Villager (Male) |
| 24:28 | Create | Petard |
| 24:28 | Create | Petard |
| 24:44 | Create | Villager (Male) |
| 25:03 | Create | Battering Ram |
| 25:07 | Create | Spearman |
| 25:07 | Create | Spearman |
| 25:12 | Build | Farm |
| 25:13 | Research | Heavy Plow |
| 25:14 | Research | Heavy Plow |
| 25:17 | Build | Farm |
| 25:19 | Create | Villager (Male) |
| 25:32 | Create | Petard |
| 26:03 | Create | Villager (Male) |
| 26:09 | Build | Farm |
| 26:09 | Build | Farm |
| 26:09 | Build | Farm |
| 26:09 | Build | Farm |
| 26:10 | Build | Farm |
| 26:10 | Build | Farm |
| 26:13 | Create | Villager (Male) |
| 26:36 | Research | Imperial Age |
| 26:47 | Research | Imperial Age |
| 26:47 | Research | Wheelbarrow |
| 26:50 | Create | Villager (Male) |
Build order — FAILEDFEMBOY
First 150 of 649 actions detected
| 0:02 | Create | Villager (Male) |
| 0:03 | Create | Villager (Male) |
| 0:03 | Create | Villager (Male) |
| 0:03 | Create | Villager (Male) |
| 0:04 | Create | Villager (Male) |
| 0:04 | Create | Villager (Male) |
| 0:07 | Build | House |
| 0:09 | Build | House |
| 1:48 | Build | Lumber Camp |
| 2:05 | Create | Villager (Male) |
| 2:05 | Create | Villager (Male) |
| 2:05 | Create | Villager (Male) |
| 2:06 | Create | Villager (Male) |
| 2:36 | Create | Villager (Male) |
| 2:36 | Create | Villager (Male) |
| 2:36 | Create | Villager (Male) |
| 3:12 | Create | Villager (Male) |
| 3:12 | Create | Villager (Male) |
| 3:36 | Create | Villager (Male) |
| 3:36 | Create | Villager (Male) |
| 3:36 | Create | Villager (Male) |
| 3:37 | Create | Villager (Male) |
| 3:49 | Build | House |
| 3:51 | Build | House |
| 3:54 | Build | House |
| 4:03 | Create | Villager (Male) |
| 4:03 | Create | Villager (Male) |
| 4:03 | Create | Villager (Male) |
| 4:31 | Create | Villager (Male) |
| 4:32 | Create | Villager (Male) |
| 4:32 | Create | Villager (Male) |
| 5:06 | Create | Villager (Male) |
| 5:06 | Create | Villager (Male) |
| 5:06 | Create | Villager (Male) |
| 5:07 | Create | Villager (Male) |
| 5:37 | Create | Villager (Male) |
| 5:37 | Create | Villager (Male) |
| 5:37 | Create | Villager (Male) |
| 5:48 | Build | Mill |
| 5:50 | Create | Villager (Male) |
| 5:50 | Create | Villager (Male) |
| 5:50 | Create | Villager (Male) |
| 6:05 | Create | Villager (Male) |
| 6:05 | Create | Villager (Male) |
| 6:30 | Build | Palisade Wall |
| 6:35 | Build | Palisade Wall |
| 6:58 | Create | Villager (Male) |
| 6:58 | Create | Villager (Male) |
| 6:59 | Create | Villager (Male) |
| 7:31 | Create | Villager (Male) |
| 7:31 | Create | Villager (Male) |
| 7:31 | Create | Villager (Male) |
| 7:32 | Create | Villager (Male) |
| 7:57 | Create | Villager (Male) |
| 7:57 | Create | Villager (Male) |
| 7:57 | Create | Villager (Male) |
| 8:14 | Create | Villager (Male) |
| 8:14 | Create | Villager (Male) |
| 8:15 | Create | Villager (Male) |
| 8:15 | Create | Villager (Male) |
| 8:15 | Create | Villager (Male) |
| 9:00 | Create | Villager (Male) |
| 9:30 | Build | Mining Camp |
| 9:47 | Research | Feudal Age |
| 9:47 | Research | Feudal Age |
| 9:47 | Research | Feudal Age |
| 9:53 | Create | Villager (Male) |
| 9:53 | Create | Villager (Male) |
| 10:08 | Create | Villager (Male) |
| 10:11 | Research | Loom |
| 10:25 | Build | Mill |
| 11:57 | Age | Feudal Age |
| 12:26 | Build | Market |
| 12:54 | Build | Blacksmith |
| 13:20 | Build | Farm |
| 13:20 | Build | Farm |
| 13:21 | Build | Farm |
| 13:21 | Build | Farm |
| 13:21 | Build | Farm |
| 13:26 | Research | Castle Age |
| 13:26 | Research | Castle Age |
| 13:26 | Research | Castle Age |
| 13:35 | Build | Mining Camp |
| 13:51 | Build | Farm |
| 13:54 | Build | Farm |
| 13:57 | Research | Double-Bit Axe |
| 14:22 | Research | Horse Collar |
| 14:23 | Research | Horse Collar |
| 14:23 | Research | Horse Collar |
| 15:17 | Build | Stone Wall |
| 16:06 | Age | Castle Age |
| 16:11 | Build | Siege Workshop |
| 16:12 | Create | Villager (Male) |
| 16:12 | Create | Villager (Male) |
| 16:18 | Research | Wheelbarrow |
| 16:24 | Build | House |
| 16:41 | Create | Villager (Male) |
| 16:47 | Research | Stone Mining |
| 16:52 | Create | Mangonel |
| 17:10 | Build | House |
| 17:11 | Create | Villager (Male) |
| 17:11 | Create | Villager (Male) |
| 17:12 | Create | Villager (Male) |
| 17:39 | Build | House |
| 17:40 | Build | House |
| 18:11 | Research | Bow Saw |
| 18:58 | Create | Mangonel |
| 18:58 | Create | Mangonel |
| 18:58 | Create | Mangonel |
| 19:04 | Create | Villager (Male) |
| 19:22 | Build | Stone Wall |
| 19:34 | Create | Villager (Male) |
| 19:47 | Build | Town Center |
| 20:04 | Create | Villager (Male) |
| 20:04 | Create | Villager (Male) |
| 20:04 | Create | Villager (Male) |
| 20:51 | Research | Heavy Plow |
| 20:52 | Create | Villager (Male) |
| 20:53 | Create | Villager (Male) |
| 20:55 | Create | Villager (Male) |
| 21:11 | Build | Farm |
| 21:11 | Build | Farm |
| 21:11 | Build | Farm |
| 21:11 | Build | Farm |
| 21:12 | Build | Farm |
| 21:12 | Build | Farm |
| 21:12 | Build | Farm |
| 21:12 | Build | Farm |
| 21:12 | Build | Farm |
| 21:55 | Create | Scorpion |
| 21:55 | Create | Scorpion |
| 21:56 | Create | Scorpion |
| 22:06 | Create | Villager (Male) |
| 22:06 | Create | Villager (Male) |
| 22:09 | Build | Farm |
| 22:09 | Build | Farm |
| 22:09 | Build | Farm |
| 22:09 | Build | Farm |
| 22:10 | Build | Farm |
| 22:10 | Build | Farm |
| 22:10 | Build | Farm |
| 22:10 | Build | Farm |
| 22:11 | Build | Farm |
| 22:17 | Create | Villager (Male) |
| 22:17 | Create | Villager (Male) |
| 22:30 | Build | Farm |
| 22:58 | Create | Mangonel |
| 22:58 | Create | Mangonel |
| 23:37 | Build | Farm |
| 23:37 | Build | Farm |
Match timeline
| 6:30 | FAILEDFEMBOY · wall_segment Palisade Wall x2 |
| 6:35 | FAILEDFEMBOY · wall_segment Palisade Wall x1 |
| 8:42 | 极地沙尘暴 · age_up feudal |
| 8:50 | Chasers · age_up feudal |
| 10:17 | 剃刀割猪头 · age_up feudal |
| 10:28 | Non faux pa · first_building Barracks |
| 10:56 | VIT | Hera · age_up feudal |
| 11:14 | EpicPlayer · age_up feudal |
| 11:36 | Non faux pa · age_up feudal |
| 11:38 | Non faux pa · first_building Archery Range |
| 11:43 | Regal · age_up feudal |
| 11:57 | FAILEDFEMBOY · age_up feudal |
| 14:03 | Chasers · first_building Barracks |
| 14:17 | 剃刀割猪头 · age_up castle |
| 14:23 | Regal · age_up castle |
| 14:28 | VIT | Hera · age_up castle |
| 15:01 | EpicPlayer · age_up castle |
| 15:04 | Chasers · first_building Stable |
| 15:05 | 剃刀割猪头 · first_building Castle |
| 15:12 | VIT | Hera · first_market_buy 100 wood |
| 15:17 | Non faux pa · age_up castle |
| 15:17 | FAILEDFEMBOY · wall_segment Stone Wall x21 |
| 15:30 | 极地沙尘暴 · first_building Barracks |
| 15:31 | Non faux pa · first_building Siege Workshop |
| 16:06 | FAILEDFEMBOY · age_up castle |
| 16:11 | FAILEDFEMBOY · first_building Siege Workshop |
| 17:02 | Non faux pa · first_building Monastery |
| 17:21 | 剃刀割猪头 · first_building Siege Workshop |
| 17:29 | EpicPlayer · first_market_buy 100 food |
| 17:51 | 极地沙尘暴 · first_building Stable |
| 17:57 | 剃刀割猪头 · first_building Barracks |
| 18:11 | 剃刀割猪头 · first_market_buy 100 wood |
| 19:17 | VIT | Hera · first_building Siege Workshop |
| 19:22 | FAILEDFEMBOY · wall_segment Stone Wall x9 |
| 19:39 | Chasers · first_building Siege Workshop |
| 20:08 | 极地沙尘暴 · tribute_sent a jugador 1 |
| 20:08 | 极地沙尘暴 · tribute_sent a jugador 2 |
| 20:08 | 极地沙尘暴 · tribute_sent a jugador 3 |
| 20:08 | 极地沙尘暴 · tribute_sent a jugador 4 |
| 20:08 | 极地沙尘暴 · tribute_sent a jugador 6 |
| 20:08 | 极地沙尘暴 · tribute_sent a jugador 7 |
| 20:08 | 极地沙尘暴 · tribute_sent a jugador 8 |
| 20:51 | Chasers · age_up castle |
| 20:52 | VIT | Hera · first_market_sell 100 food |
| 21:25 | Regal · first_building Archery Range |
| 21:38 | 极地沙尘暴 · age_up castle |
| 22:45 | EpicPlayer · wall_segment Stone Wall x13 |
| 22:51 | 极地沙尘暴 · first_building Monastery |
| 22:58 | EpicPlayer · first_building Barracks |
| 23:01 | Regal · first_building Monastery |
| 23:32 | Regal · first_building Castle |
| 23:56 | EpicPlayer · wall_segment Stone Wall x1 |
| 24:16 | FAILEDFEMBOY · first_building Castle |
| 24:18 | EpicPlayer · first_building Archery Range |
| 24:23 | EpicPlayer · first_building Stable |
| 24:31 | EpicPlayer · first_building Siege Workshop |
| 25:15 | EpicPlayer · first_building Castle |
| 25:56 | 极地沙尘暴 · tribute_sent a jugador 1 |
| 25:56 | 极地沙尘暴 · tribute_sent a jugador 2 |
| 25:56 | 极地沙尘暴 · tribute_sent a jugador 3 |
| 25:56 | 极地沙尘暴 · tribute_sent a jugador 4 |
| 25:56 | 极地沙尘暴 · tribute_sent a jugador 6 |
| 25:56 | 极地沙尘暴 · tribute_sent a jugador 7 |
| 25:56 | 极地沙尘暴 · tribute_sent a jugador 8 |
| 26:05 | 极地沙尘暴 · tribute_sent a jugador 1 |
| 26:05 | 极地沙尘暴 · tribute_sent a jugador 2 |
| 26:05 | 极地沙尘暴 · tribute_sent a jugador 3 |
| 26:05 | 极地沙尘暴 · tribute_sent a jugador 4 |
| 26:05 | 极地沙尘暴 · tribute_sent a jugador 6 |
| 26:05 | 极地沙尘暴 · tribute_sent a jugador 7 |
| 26:05 | 极地沙尘暴 · tribute_sent a jugador 8 |
| 26:08 | FAILEDFEMBOY · first_building Barracks |
| 26:23 | VIT | Hera · first_building Castle |
| 26:51 | 极地沙尘暴 · first_building Siege Workshop |
| 26:55 | 极地沙尘暴 · tribute_sent a jugador 1 |
| 26:55 | 极地沙尘暴 · tribute_sent a jugador 2 |
| 26:55 | 极地沙尘暴 · tribute_sent a jugador 3 |
| 26:55 | 极地沙尘暴 · tribute_sent a jugador 4 |
| 26:55 | 极地沙尘暴 · tribute_sent a jugador 6 |
| 26:55 | 极地沙尘暴 · tribute_sent a jugador 7 |
| 26:55 | 极地沙尘暴 · tribute_sent a jugador 8 |
| 27:04 | VIT | Hera · first_building Barracks |
| 27:08 | EpicPlayer · first_building Monastery |
| 27:54 | Regal · first_market_sell 100 food |
| 27:55 | EpicPlayer · wall_segment Stone Wall x1 |
| 28:00 | Regal · first_market_buy 100 stone |
| 28:18 | VIT | Hera · first_building Archery Range |
| 28:20 | VIT | Hera · first_building Stable |
| 28:41 | Regal · first_building Siege Workshop |
| 29:03 | FAILEDFEMBOY · age_up imperial |
| 29:18 | VIT | Hera · tribute_sent a jugador 1 |
| 29:18 | VIT | Hera · tribute_sent a jugador 2 |
| 29:18 | VIT | Hera · tribute_sent a jugador 3 |
| 29:18 | VIT | Hera · tribute_sent a jugador 5 |
| 29:18 | VIT | Hera · tribute_sent a jugador 6 |
| 29:18 | VIT | Hera · tribute_sent a jugador 7 |
| 29:18 | VIT | Hera · tribute_sent a jugador 8 |
| 29:20 | Regal · age_up imperial |
| 29:25 | VIT | Hera · age_up imperial |
| 29:31 | FAILEDFEMBOY · wall_segment Stone Wall x7 |
| 29:48 | EpicPlayer · age_up imperial |
| 29:57 | 剃刀割猪头 · age_up imperial |
| 30:18 | 极地沙尘暴 · tribute_sent a jugador 1 |
| 30:18 | 极地沙尘暴 · tribute_sent a jugador 2 |
| 30:18 | 极地沙尘暴 · tribute_sent a jugador 3 |
| 30:18 | 极地沙尘暴 · tribute_sent a jugador 4 |
| 30:18 | 极地沙尘暴 · tribute_sent a jugador 6 |
| 30:18 | 极地沙尘暴 · tribute_sent a jugador 7 |
| 30:18 | 极地沙尘暴 · tribute_sent a jugador 8 |
| 33:02 | 极地沙尘暴 · age_up imperial |
| 33:09 | Non faux pa · age_up imperial |
| 33:51 | 极地沙尘暴 · first_market_buy 100 stone |
| 34:21 | 剃刀割猪头 · first_market_sell 100 food |
| 34:25 | Chasers · first_building Monastery |
| 34:31 | Non faux pa · first_building Castle |
| 34:52 | 极地沙尘暴 · first_building Castle |
| 35:09 | Chasers · first_building Castle |
| 35:24 | Chasers · wall_segment Palisade Wall x4 |
| 35:30 | Chasers · wall_segment Palisade Wall x4 |
| 35:33 | Chasers · wall_segment Palisade Wall x16 |
| 35:39 | Chasers · wall_segment Palisade Wall x2 |
| 36:16 | Chasers · wall_segment Palisade Wall x1 |
| 36:20 | Chasers · wall_segment Palisade Wall x7 |
| 36:24 | Chasers · wall_segment Palisade Wall x14 |
| 36:33 | Chasers · tribute_sent a jugador 1 |
| 36:33 | Chasers · tribute_sent a jugador 2 |
| 36:33 | Chasers · tribute_sent a jugador 3 |
| 36:33 | Chasers · tribute_sent a jugador 4 |
| 36:33 | Chasers · tribute_sent a jugador 5 |
| 36:33 | Chasers · tribute_sent a jugador 7 |
| 36:33 | Chasers · tribute_sent a jugador 8 |
| 36:50 | Chasers · age_up imperial |
| 37:14 | Chasers · wall_segment Palisade Wall x8 |
| 37:17 | Chasers · wall_segment Palisade Wall x7 |
| 37:19 | Chasers · wall_segment Palisade Wall x3 |
| 37:20 | Chasers · wall_segment Palisade Wall x1 |
| 37:21 | Chasers · wall_segment Palisade Wall x3 |
| 37:23 | Chasers · wall_segment Palisade Wall x6 |
| 37:28 | Chasers · wall_segment Palisade Wall x15 |
| 37:29 | Chasers · wall_segment Palisade Wall x2 |
| 37:41 | Regal · first_building Stable |
| 37:46 | FAILEDFEMBOY · wall_segment Stone Wall x5 |
| 39:09 | EpicPlayer · first_market_sell 500 wood |
| 39:20 | 极地沙尘暴 · tribute_sent a jugador 1 |
| 39:20 | 极地沙尘暴 · tribute_sent a jugador 2 |
| 39:20 | 极地沙尘暴 · tribute_sent a jugador 3 |
| 39:20 | 极地沙尘暴 · tribute_sent a jugador 4 |
| 39:20 | 极地沙尘暴 · tribute_sent a jugador 6 |
| 39:20 | 极地沙尘暴 · tribute_sent a jugador 7 |
| 39:20 | 极地沙尘暴 · tribute_sent a jugador 8 |
| 40:05 | VIT | Hera · tribute_sent a jugador 1 |
| 40:05 | VIT | Hera · tribute_sent a jugador 2 |
| 40:05 | VIT | Hera · tribute_sent a jugador 3 |
| 40:05 | VIT | Hera · tribute_sent a jugador 5 |
| 40:05 | VIT | Hera · tribute_sent a jugador 6 |
| 40:05 | VIT | Hera · tribute_sent a jugador 7 |
| 40:05 | VIT | Hera · tribute_sent a jugador 8 |
| 40:10 | Chasers · tribute_sent a jugador 1 |
| 40:10 | Chasers · tribute_sent a jugador 2 |
| 40:10 | Chasers · tribute_sent a jugador 3 |
| 40:10 | Chasers · tribute_sent a jugador 4 |
| 40:10 | Chasers · tribute_sent a jugador 5 |
| 40:10 | Chasers · tribute_sent a jugador 7 |
| 40:10 | Chasers · tribute_sent a jugador 8 |
| 40:14 | 剃刀割猪头 · first_building Stable |
| 40:44 | Non faux pa · first_market_sell 500 food |
| 40:47 | 极地沙尘暴 · tribute_sent a jugador 1 |
| 40:47 | 极地沙尘暴 · tribute_sent a jugador 2 |
| 40:47 | 极地沙尘暴 · tribute_sent a jugador 3 |
| 40:47 | 极地沙尘暴 · tribute_sent a jugador 4 |
| 40:47 | 极地沙尘暴 · tribute_sent a jugador 6 |
| 40:47 | 极地沙尘暴 · tribute_sent a jugador 7 |
| 40:47 | 极地沙尘暴 · tribute_sent a jugador 8 |
| 43:54 | Chasers · first_market_sell 500 wood |
| 44:00 | 极地沙尘暴 · tribute_sent a jugador 1 |
| 44:00 | 极地沙尘暴 · tribute_sent a jugador 2 |
| 44:00 | 极地沙尘暴 · tribute_sent a jugador 3 |
| 44:00 | 极地沙尘暴 · tribute_sent a jugador 4 |
| 44:00 | 极地沙尘暴 · tribute_sent a jugador 6 |
| 44:00 | 极地沙尘暴 · tribute_sent a jugador 7 |
| 44:00 | 极地沙尘暴 · tribute_sent a jugador 8 |
| 45:41 | Chasers · tribute_sent a jugador 1 |
| 45:41 | Chasers · tribute_sent a jugador 2 |
| 45:41 | Chasers · tribute_sent a jugador 3 |
| 45:41 | Chasers · tribute_sent a jugador 4 |
| 45:41 | Chasers · tribute_sent a jugador 5 |
| 45:41 | Chasers · tribute_sent a jugador 7 |
| 45:41 | Chasers · tribute_sent a jugador 8 |
| 49:54 | 极地沙尘暴 · tribute_sent a jugador 1 |
| 49:54 | 极地沙尘暴 · tribute_sent a jugador 2 |
| 49:54 | 极地沙尘暴 · tribute_sent a jugador 3 |
| 49:54 | 极地沙尘暴 · tribute_sent a jugador 4 |
| 49:54 | 极地沙尘暴 · tribute_sent a jugador 6 |
| 49:54 | 极地沙尘暴 · tribute_sent a jugador 7 |
| 49:54 | 极地沙尘暴 · tribute_sent a jugador 8 |
| 50:21 | 极地沙尘暴 · tribute_sent a jugador 1 |
| 50:21 | 极地沙尘暴 · tribute_sent a jugador 2 |
| 50:21 | 极地沙尘暴 · tribute_sent a jugador 3 |
| 50:21 | 极地沙尘暴 · tribute_sent a jugador 4 |
| 50:21 | 极地沙尘暴 · tribute_sent a jugador 6 |
| 50:21 | 极地沙尘暴 · tribute_sent a jugador 7 |
| 50:21 | 极地沙尘暴 · tribute_sent a jugador 8 |
| 50:24 | FAILEDFEMBOY · first_building Archery Range |
| 51:34 | 极地沙尘暴 · first_market_sell 100 stone |
| 52:12 | 剃刀割猪头 · first_building Archery Range |
| 52:25 | VIT | Hera · wall_segment Palisade Wall x1 |
| 54:42 | 极地沙尘暴 · tribute_sent a jugador 1 |
| 54:42 | 极地沙尘暴 · tribute_sent a jugador 2 |
| 54:42 | 极地沙尘暴 · tribute_sent a jugador 3 |
| 54:42 | 极地沙尘暴 · tribute_sent a jugador 4 |
| 54:42 | 极地沙尘暴 · tribute_sent a jugador 6 |
| 54:42 | 极地沙尘暴 · tribute_sent a jugador 7 |
| 54:42 | 极地沙尘暴 · tribute_sent a jugador 8 |
| 54:48 | Chasers · wall_segment Palisade Wall x5 |
| 55:51 | Chasers · wall_segment Palisade Wall x3 |
| 55:56 | Chasers · wall_segment Palisade Wall x2 |
| 55:57 | Chasers · wall_segment Palisade Wall x3 |
| 55:57 | Chasers · wall_segment Palisade Wall x1 |
| 55:58 | Chasers · wall_segment Palisade Wall x4 |
| 55:59 | Chasers · wall_segment Palisade Wall x2 |
| 56:00 | Chasers · wall_segment Palisade Wall x3 |
| 56:02 | Chasers · wall_segment Palisade Wall x1 |
| 56:04 | Chasers · wall_segment Palisade Wall x4 |
| 56:06 | Chasers · wall_segment Palisade Wall x8 |
| 57:25 | Chasers · wall_segment Palisade Wall x7 |
| 57:58 | FAILEDFEMBOY · first_building Stable |
| 58:17 | 极地沙尘暴 · tribute_sent a jugador 1 |
| 58:17 | 极地沙尘暴 · tribute_sent a jugador 2 |
| 58:17 | 极地沙尘暴 · tribute_sent a jugador 3 |
| 58:17 | 极地沙尘暴 · tribute_sent a jugador 4 |
| 58:17 | 极地沙尘暴 · tribute_sent a jugador 6 |
| 58:17 | 极地沙尘暴 · tribute_sent a jugador 7 |
| 58:17 | 极地沙尘暴 · tribute_sent a jugador 8 |
| 61:41 | FAILEDFEMBOY · first_market_sell 100 food |
| 62:40 | Regal · resign |
| 65:11 | Chasers · wall_segment Palisade Wall x7 |
[ AI ANALYSIS · 1 CREDIT ]
What really happened in this match?
Wolo.gg analyzes every decision: build order, eco, micro, common mistakes by bracket. Personalized analysis on WhatsApp or Discord in 30 seconds.
Civ guide
Ethiopians
Perfil
Jugador #5445234